 Dungeon Crawl Stone Soup version 0.20.1-1-g8b1a95d (webtiles) character file.

742 poirepourri the Ruffian (level 7, 0/61 HPs)
             Began as a Ghoul Gladiator on Nov 2, 2017.
             Slain by an orc
             ... wielding a +0 hand axe
              (4 damage)
             ... on level 4 of the Dungeon.
             The game lasted 00:06:21 (3523 turns).

poirepourri the Ruffian (Ghoul Gladiator)           Turns: 3523, Time: 00:06:22

Health: 0/61       AC:  6    Str: 18    XL:     7   Next: 76%
Magic:  6/6        EV: 13    Int:  3    God:
Gold:   286        SH:  0    Dex: 12    Spells: 6/6 levels left

rFire    . . .     SeeInvis .     - Unarmed
rCold    + . .     Gourm    .   (no shield)
rNeg     + + +     Faith    .   a - +0 leather armour
rPois    ∞         Spirit   .   b - +0 helmet
rElec    .         Reflect  .   (no cloak)
rCorr    .         Harm     .   A - +0 pair of gloves
MR       .....                  s - +0 pair of boots
Stlth    +.........             (no amulet)
Regen    0.0/turn               o - ring of flight
MPRegen  0.1/turn               (no ring)

@: rotting
A: rotting body, claws 1, carnivore 3, cold resistance 1, negative energy
resistance 3, inhibited regeneration, torment resistance, unbreathing
a: Evoke Flight


You were on level 4 of the Dungeon.
You were not hungry.

You visited 1 branch of the dungeon, and saw 4 of its levels.

You collected 286 gold pieces.

Inventory:

Hand Weapons
 n - a +1 hunting sling
Missiles
 c - 2 throwing nets (quivered)
 h - 13 bolts
 m - 158 stones
 z - 5 poisoned needles
Armour
 a - a +0 leather armour (worn)
 b - a +0 helmet (worn)
 s - a +0 pair of boots (worn)
 A - a +0 pair of gloves (worn)
Jewellery
 o - a ring of flight (left hand)
 q - an uncursed ring of teleportation
Wands
 x - a wand of flame (19/48)
Scrolls
 e - 2 scrolls of remove curse
 f - 2 scrolls of enchant armour {unknown}
 t - a scroll of blinking
Potions
 g - a potion of agility {unknown}
 i - 3 potions of curing
 j - a potion of haste
 k - 2 potions of mutation {unknown}
 l - a potion of berserk rage {unknown}
 p - a potion of ambrosia {unknown}
Comestibles
 d - 3 meat rations
 v - a royal jelly


   Skills:
 - Level 5.0 Fighting
 - Level 2.4 Throwing
 - Level 4.1 Dodging
 + Level 7.3 Unarmed Combat


You had 6 spell levels left.
You didn't know any spells.

Dungeon Overview and Level Annotations

Branches:
Dungeon (4/15)
 Temple: D:4-7

Altars:
Fedhas
Kikubaaqudgha
Ru
Uskayaw


Innate Abilities, Weirdness & Mutations

Your body is rotting away.
You thrive on raw meat.
You are immune to poison.
You have sharp fingernails.
You are carnivorous and can eat meat at any time.
Your flesh is cold resistant. (rC+)
You are immune to negative energy. (rN+++)
You do not regenerate when monsters are visible.
You are immune to unholy pain and torment.
You can survive without breathing.


Message History

You hear some strange, mumbled words.
A puff of flame appears from out of thin air!
The puff of flame hits you!
You completely miss something. Your punch misses something. The orc misses you.
The orc hits you with a mace.
You miss something.
You hear some strange, mumbled words.
A puff of flame appears from out of thin air!
The puff of flame hits you!
* * * LOW HITPOINT WARNING * * *
The orc barely misses you.
You closely miss something.
You hear some strange, mumbled words.
A puff of flame appears from out of thin air!
The puff of flame hits you!
* * * LOW HITPOINT WARNING * * *
The orc hits you with a mace.
* * * LOW HITPOINT WARNING * * *
The orc hits you with a hand axe.
You die...

#.#
#.#
#.#
#)#
#.#
##.#
#..#
#o##
#@{#
##o.#
#...#
####


You could see 2 orcs.

Vanquished Creatures
  Eustachio (D:4)
  The ghost of veneficus the Poker, an amateur MfSk (D:3)
  A centaur (D:4)
  An orc priest (D:4)
  3 hounds (D:4)
  An orc wizard (D:4)
  Natasha (thrice) (D:2 D:4)
  A worker ant (D:4)
  A hound skeleton (D:4)
  A gnoll (D:1)
  6 adders
  An ooze (D:3)
  A worm (D:1)
  3 dart slugs
  3 leopard geckos
  3 orcs (D:4)
  5 giant cockroaches
  6 goblins
  6 hobgoblins
  5 jackals
  9 kobolds
  A quokka (D:2)
  2 ball pythons
  10 bats
  4 frilled lizards
  5 rats
84 creatures vanquished.

Notes
Turn   | Place    | Note
-------+----------+-------------------------------------------
     0 | D:1      | poirepourri the Ghoul Gladiator began the quest for the Orb.
     0 | D:1      | Reached XP level 1. HP: 17/17 MP: 0/0
   276 | D:1      | Reached XP level 2. HP: 17/24 MP: 1/1
   293 | D:1      | Reached skill level 4 in Unarmed Combat
   507 | D:1      | Reached XP level 3. HP: 18/29 MP: 2/2
  1184 | D:1      | Reached skill level 5 in Unarmed Combat
  1268 | D:2      | Found a hide-covered altar of Uskayaw.
  1358 | D:2      | Reached XP level 4. HP: 34/36 MP: 3/3
  1456 | D:2      | Found an ancient bone altar of Kikubaaqudgha.
  1496 | D:2      | Noticed Natasha
  1510 | D:2      | Killed Natasha
  1824 | D:2      | Noticed Natasha
  1832 | D:2      | Killed Natasha
  1832 | D:2      | Reached skill level 6 in Unarmed Combat
  1832 | D:2      | Reached XP level 5. HP: 14/41 MP: 4/4
  2319 | D:3      | Noticed veneficus's ghost (amateur MfSk)
  2352 | D:3      | Killed veneficus's ghost
  2352 | D:3      | Reached XP level 6. HP: 21/53 MP: 5/5
  2800 | D:4      | Reached skill level 5 in Fighting
  2945 | D:4      | Noticed Eustachio
  2958 | D:4      | Killed Eustachio
  2958 | D:4      | Reached XP level 7. HP: 55/58 MP: 6/6
  3057 | D:4      | Noticed Natasha
  3076 | D:4      | Killed Natasha
  3115 | D:4      | Found a blossoming altar of Fedhas.
  3458 | D:4      | Reached skill level 7 in Unarmed Combat
  3484 | D:4      | Found a sacrificial altar of Ru.
  3523 | D:4      | Slain by an orc

Skill      XL: |  1  2  3  4  5  6  7 |
---------------+----------------------+-----
Unarmed Combat | 4 5 6 7 |  7.3
Fighting       | 4 5 |  5.0
Dodging        | 3 4 |  4.1
Throwing       | 2 |  2.4

Action                   |  1- 3 |  4- 6 |  7- 9 || total
-------------------------+-------+-------+-------++-------
Melee: Unarmed           |   106 |   114 |    97 ||   317
       Punch             |     1 |     4 |     2 ||     7
Throw: Throwing net      |       |    10 |     2 ||    12
  Use: Scroll            |     5 |     5 |     2 ||    12
       Potion            |       |     2 |       ||     2
 Stab: Paralysed         |       |       |     1 ||     1
  Eat: Chunk             |    24 |    17 |    18 ||    59
Armor: Leather armour    |    44 |    35 |    17 ||    96
Dodge: Dodged            |    79 |    64 |    64 ||   207
